 Dungeon Crawl Stone Soup version 0.19-a0-1067-g0b1d89b (webtiles) character file.

67 DarthKuruptios the Shield-Bearer (level 4, -3/29 HPs)
             Began as a Gargoyle Fighter on Aug 4, 2016.
             Slain by Crazy Yiuf
             ... wielding a +3 quarterstaff of chaos
              (6 damage)
             ... on level 2 of the Dungeon.
             The game lasted 00:04:25 (1957 turns).

DarthKuruptios the Shield-Bearer (Gargoyle Fighter) Turns: 1957, Time: 00:04:26

Health: -3/29      AC: 12    Str: 21 (24) XL:     4   Next: 16%
Magic:  0/4        EV:  7    Int:  8 (9)  God:
Gold:   180        SH:  9    Dex:  8 (10) Spells: 0 memorised, 3 levels left

rFire  + . .     SeeInvis .     a - +0 flail
rCold  x . .     Gourm    .     b - +0 scale mail
rNeg   + . .     Faith    .     c - +0 shield
rPois  ∞         Spirit   .     (no helmet)
rElec  +         Dismiss  .     (no cloak)
rCorr  .         Reflect  .     t - +0 pair of gloves
SustAt .         Harm     .     l - +0 pair of boots
MR     .....                    (no amulet)
Stlth  ..........               (no ring)
                                m - ring of fire

@: mighty
A: negative energy resistance 1, electricity resistance, unbreathing,
petrification resistance, rot immunity, AC +3
a: no special abilities


You were on level 2 of the Dungeon.
You were not hungry.

You visited 1 branch of the dungeon, and saw 2 of its levels.

You collected 180 gold pieces.

Inventory:

Hand Weapons
 a - a +0 flail (weapon)
Armour
 b - a +0 scale mail (worn)
 c - a +0 shield (worn)
 l - a +0 pair of boots (worn)
 t - a +0 pair of gloves (worn)
Jewellery
 m - a ring of fire (left hand)
Scrolls
 g - a scroll of remove curse {unknown}
 i - 3 scrolls of identify {unknown}
 j - a scroll of fear {unknown}
 n - 4 scrolls of enchant armour {unknown}
 r - 3 scrolls of enchant weapon {unknown}
 v - a scroll of immolation {unknown}
Potions
 e - a potion of lignification {unknown}
 h - a potion of degeneration
 k - a potion of flight {unknown}
 o - 2 potions of heal wounds {unknown}
 p - 2 potions of curing {unknown}
 s - a potion of mutation {unknown}
 w - a potion of berserk rage {unknown}
Comestibles
 f - 3 bread rations
 u - a slice of pizza


   Skills:
 + Level 3.9 Fighting
 + Level 2.6 Maces & Flails
 + Level 3.6 Armour
 + Level 0.4 Dodging
 + Level 4.1 Shields


You had 3 spell levels left.
You didn't know any spells.

Dungeon Overview and Level Annotations

Branches:
Dungeon (2/15)

Altars:

Annotations:
D:2 Crazy Yiuf


Innate Abilities, Weirdness & Mutations

You are resistant to torment.
Your stone body is resilient. (AC +3)
You are immune to poison.
You resist negative energy. (rN+)
You are resistant to electric shocks. (rElec)
You can survive without breathing.
You are immune to petrification.
You are immune to rotting.


Message History

* * * LOW HITPOINT WARNING * * *
You are too injured to fight recklessly!
You are too injured to fight recklessly!
You feel very mighty all of a sudden.
Crazy Yiuf screams, "Mugger Orb Guardian rumpyflump!"
Crazy Yiuf hits you with a quarterstaff of chaos.
* * * LOW HITPOINT WARNING * * *
You closely miss Crazy Yiuf.
Crazy Yiuf is lightly wounded.
Crazy Yiuf hits you with a quarterstaff of chaos.
* * * LOW HITPOINT WARNING * * *
Sorry, you're not good enough to have a special ability.
It was a potion of degeneration.
There was something very wrong with that liquid.
You feel weakened.
You feel dopey.
You feel clumsy. Crazy Yiuf hits you but does no damage.
You thump Crazy Yiuf!
Crazy Yiuf is heavily wounded.
Crazy Yiuf hits you with a quarterstaff of chaos.
You die...

..##.......#.#........#..........
.................................
...#.....#......#................
.......################..........
...#...# #.......... ...#...#
#.......... .<.....##♣♣ ####
#..##.#...# ..........♣♣ ♣♣#)))#
#..#..#.... ...........♣♣♣♣)@g).#
#.....#.### ...........)♣))♣#)))#
#.......... #.........)♣)♣♣♣ ####
#.......... #......##♣♣♣♣♣
#.......### .......# #....##.###
#..####################..........
...# ####.##....#.#.#..........##
...###....##....#.#.#..........#
......).........#.#......#.....##


You could see Crazy Yiuf.

Vanquished Creatures
  2 adders (D:2)
  An ooze (D:2)
  A worm (D:2)
  3 dart slugs
  2 giant geckos (D:2)
  A giant cockroach (D:1)
  5 goblins
  4 hobgoblins (D:2)
  A quokka (D:2)
  6 bats
  2 giant newts
  5 kobolds
  2 rats
35 creatures vanquished.

Notes
Turn   | Place    | Note
-------+----------+-------------------------------------------
     0 | D:1      | DarthKuruptios the Gargoyle Fighter began the quest for the Orb.
     0 | D:1      | Reached XP level 1. HP: 14/14 MP: 1/1
   671 | D:1      | Reached XP level 2. HP: 19/19 MP: 2/2
  1104 | D:2      | Reached XP level 3. HP: 22/24 MP: 3/3
  1453 | D:2      | Found a faded altar of an unknown god.
  1472 | D:2      | Reached skill level 4 in Shields
  1542 | D:2      | Reached XP level 4. HP: 24/29 MP: 4/4
  1791 | D:2      | Found a runed door.
  1949 | D:2      | Noticed Crazy Yiuf
  1957 | D:2      | Slain by Crazy Yiuf

Vault maps used:
D:1:      lemuel_arrival_rhombus
D:2:      ecumenical_altar_1, first_bread, uniq_crazy_yiuf_cottage

Skill      XL: |  1  2  3 |
---------------+----------+-----
Shields        | 4 |  4.1
Fighting       | |  3.9
Maces & Flails | |  2.6
Armour         | |  3.6
Dodging        | |  0.4

Action                   |  1- 3 |  4- 6 || total
-------------------------+-------+-------++-------
Melee: Flail             |   126 |    25 ||   151
  Use: Potion            |       |     2 ||     2
  Eat: Chunk             |     2 |     2 ||     4
Armor: Scale mail        |    78 |    14 ||    92
Dodge: Dodged            |    34 |     6 ||    40
Block: Shield            |    61 |    10 ||    71
